 Dungeon Crawl Stone Soup version 0.27-a0-1232-gc6a4cbde82 (webtiles) character file.

Game seed: 7604499422095810814

52 senseless the Skirmisher (level 3, -9/29 HPs)
             Began as a Demonspawn Fighter on June 8, 2021.
             Mangled by Sigmund
             ... wielding a +0 scythe
              (10 damage)
             ... on level 2 of the Dungeon.
             The game lasted 00:03:50 (1855 turns).

senseless the Skirmisher (Demonspawn Fighter)       Turns: 1855, Time: 00:03:51

Health: -9/29      AC:  7    Str: 16    XL:     3   Next: 60%
Magic:  3/3        EV:  3    Int:  9    God:
Gold:   43         SH:  9    Dex: 13    Spells: 2/2 levels left

rFire    . . .     SeeInvis .   a - +0 war axe
rCold    . . .     Faith    .   c - +0 kite shield
rNeg     . . .     Spirit   .   b - +0 scale mail
rPois    +         Reflect  .   (no helmet)
rElec    .         Harm     .   (no cloak)
rCorr    .         Rampage  .   (no gloves)
Will     .....                  (no boots)
Stlth    ..........             (no amulet)
HPRegen  0.09/turn              h - ring of poison resistance
MPRegen  0.08/turn              (no ring)

@: mighty, constricted
A: rugged brown scales 1
a: no special abilities


You were on level 2 of the Dungeon.
You visited 1 branch of the dungeon, and saw 2 of its levels.

You collected 43 gold pieces.

Inventory:

Hand Weapons
 a - a +0 war axe (weapon)
Armour
 b - a +0 scale mail (worn)
 c - a +0 kite shield (worn)
Jewellery
 h - a ring of poison resistance (left hand)
Scrolls
 g - a scroll of amnesia {unknown}
Potions
 e - 2 potions of degeneration {unknown}
 f - 2 potions of curing {unknown}


   Skills:
 + Level 3.4 Fighting
 + Level 2.3 Axes
 + Level 3.1 Armour
 + Level 3.1 Shields


You had 2 spell levels left.
You didn't know any spells.
Your spell library was empty.

Dungeon Overview and Level Annotations

Branches:
Dungeon (2/15)

Altars:

Annotations:
D:2 Sigmund


Innate Abilities, Weirdness & Mutations

You are partially covered in rugged brown scales. (AC +1, +3% HP)


Message History

You resist with significant effort.
You feel very mighty all of a sudden. Sigmund barely misses you.
You slash Sigmund!
Sigmund is heavily wounded.
Sigmund points at you and mumbles some strange words.
You are confused.
Sigmund says, "Don't worry, I'll kill you fast."
Sigmund gestures at you while chanting.
You are more confused.
You bump into the rock wall.
Sigmund hits you with a +0 scythe!
Sigmund hits you from afar with a +0 scythe.
You see here a rat corpse.
You bump into the rock wall.
Sigmund hits you but does no damage.
You bump into the rock wall.
Sigmund hits you from afar with a +0 scythe!
* * * LOW HITPOINT WARNING * * *
Sigmund points at you and mumbles some strange words.
The puff of flame hits you but does no damage.
A ball python comes into view.
The ball python hisses angrily.
You're too confused to move!
Sigmund casts a spell.
Sigmund flickers and vanishes!
Deactivating autopickup; reactivate with Ctrl-A.
Something hits you.
* * * LOW HITPOINT WARNING * * *
You feel less confused. The ball python completely misses you.
You block the ball python's attack. You block something's attack.
You barely miss the ball python.
The ball python bites you but does no damage.
The ball python barely misses you. x2; The ball python grabs you.
* * * LOW HITPOINT WARNING * * *
The ball python constricts you. Something hits you but does no damage.
The ball python's grasp on you weakens, but your attempt to escape fails.
The ball python bites you.
* * * LOW HITPOINT WARNING * * *
x2 The ball python constricts you.
Something hits you!
You die...

.....##........
##### #..##..##
########..# ....
#.....(...# ..##
#.######..# ....
#..##.#.##
#.........
#.#.######..##.#.##
#.......†{.@.....#
###.#...##S.##.###
#...##.........
.....+..........
#.##...##..##.###.
# ######..# .# ....
. #... . ..... ..


You could see a ball python.

Vanquished Creatures
  A gnoll (D:1)
  An adder (D:2)
  A dart slug (D:2)
  A ball python (D:1)
  3 endoplasms
  2 giant cockroaches (D:1)
  5 goblins
  A hobgoblin (D:1)
  3 jackals (D:1)
  3 quokkas (D:1)
  2 bats (D:1)
  2 frilled lizards
  2 kobolds
  2 rats
29 creatures vanquished.

Vanquished Creatures (others)
  2 plants (D:2)
2 creatures vanquished.

Grand Total: 31 creatures vanquished

Notes
Turn   | Place    | Note
-------+----------+-------------------------------------------
     0 | D:1      | senseless the Demonspawn Fighter began the quest for the
                  | Orb.
     0 | D:1      | Reached XP level 1. HP: 18/18 MP: 1/1
   307 | D:1      | Gained mutation: You are partially covered in rugged brown
                  | scales. (AC +1, +3% HP) [demonic ancestry]
   307 | D:1      | Reached XP level 2. HP: 13/24 MP: 2/2
   715 | D:1      | Found a faded altar of an unknown god.
   972 | D:1      | Reached XP level 3. HP: 29/29 MP: 3/3
  1836 | D:2      | Noticed Sigmund
  1855 | D:2      | HP: 1/29 [ball python (1)]
  1855 | D:2      | Mangled by Sigmund

Illustrated notes

Levels and vault maps discovered:
D:1:      sevenhm_arrival_forest_fort_small_5, layout_basic,
          hellmonk_ecumenical_altar_run_dry, item_on_display_a
D:2:      layout_basic, serial_bayou, serial_bayou_shore_b,
          serial_bayou_crossing, serial_bayou_pond_e, serial_bayou_shore_b,
          basic_altar, uniq_jessica, uniq_sigmund

Skill      XL: |  1  2 |
---------------+-------+-----
Axes           | 2 |  2.3
Armour         | 3 |  3.1
Shields        | 3 |  3.1
Fighting       | |  3.4

Action                   || total
-------------------------++-------
Melee: War axe           ||    96
  Use: Potion            ||     1
Armor: Scale mail        ||    46
Dodge: Dodged            ||    24
Block: Kite shield       ||    60

Table legend: (Time is in decaauts)
 A = Elapsed time spent in this place.
 B = Non-inter-level travel time spent in this place.
 C = Inter-level travel time spent in this place.
 D = Time resting spent in this place.
 E = Time spent auto-exploring this place.
 F = Levels seen in this place.
 G = Mean time per level.
                   A        B        C        D        E       F      G
               +--------+--------+--------+--------+--------+-----+--------+
         Total |   1919 |   1719 |    200 |    172 |   1299 |   2 |  959.5 |
       Dungeon |   1919 |   1719 |    200 |    172 |   1299 |   2 |  959.5 |
               +--------+--------+--------+--------+--------+-----+--------+

Top non-repeatable levels by time:
     D:1: 1667 daAuts
     D:2: 252 daAuts
